 Dungeon Crawl Stone Soup version 0.23-a0-315-ga85b81c (webtiles) character file.

186 Amnesiac the Digger (level 5, 0/42 HPs)
             Began as a Deep Dwarf Earth Elementalist on Oct 13, 2018.
             Killed by divine providence
             ... invoked by an orc priest
              (10 damage)
             ... on level 4 of the Dungeon.
             The game lasted 00:06:29 (1541 turns).

Amnesiac the Digger (Deep Dwarf Earth Elementalist) Turns: 1541, Time: 00:06:30

Health: 0/42       AC:  8    Str: 11    XL:     5   Next: 38%
Magic:  9/9        EV: 11    Int: 17    God:
Gold:   110        SH:  3    Dex: 15    Spells: 6/9 levels left

rFire    + . .     SeeInvis .   a - +3 dagger (drain)
rCold    . . .     Gourm    .   (no shield)
rNeg     . . .     Faith    .   n - +2 ring mail {rF+}
rPois    .         Spirit   .   (no helmet)
rElec    .         Reflect  +   (no cloak)
rCorr    .         Harm     .   f - +0 pair of gloves
MR       .....                  (no boots)
Stlth    ++........             e - +3 amulet of reflection
HPRegen  0.00/turn              (no ring)
MPRegen  0.11/turn              (no ring)

@: non-regenerating
A: damage resistance, heal wounds, thin skeletal structure 1, sense surroundings
1, screaming 1, wild magic 1, evolution 1, MP-powered wands, no regeneration
a: Heal Wounds


You were on level 4 of the Dungeon.
You were near starving.

You visited 1 branch of the dungeon, and saw 4 of its levels.

You collected 110 gold pieces.

Inventory:

Hand Weapons
 a - a +3 dagger of draining (weapon)
Missiles
 b - 32 stones (quivered)
Armour
 f - a +0 pair of gloves (worn)
 k - a +1 robe of magic resistance
 n - a +2 ring mail of fire resistance (worn)
Jewellery
 e - a +3 amulet of reflection (around neck)
 m - an uncursed ring of fire
Wands
 h - a wand of polymorph (4)
Scrolls
 j - a scroll of remove curse {!r, unknown}
 l - a scroll of enchant armour {!r, unknown}
Potions
 c - 2 potions of curing {!q, unknown}
 i - a potion of resistance {!q}
Comestibles
 d - 5 rations


   Skills:
 + Level 1.8 Short Blades
 - Level 2.1 Dodging
 - Level 2.4 Stealth
 + Level 2.8 Spellcasting
 - Level 1.0 Transmutations
 * Level 6.5 Earth Magic


You had 6 spell levels left.
You knew the following spells:

 Your Spells              Type           Power        Failure   Level  Hunger
a - Sandblast             Erth           ####..       5%          1    #......
b - Passwall              Tmut/Erth      ###.....     21%         2    ##.....

Your spell library contained the following spells:

 Spells                   Type           Power        Failure   Level  Hunger
 Stone Arrow              Conj/Erth      ###...       43%         3    ###....
 Lee's Rapid Deconstruct  Erth           ####......   71%         5    ######.
 Petrify                  Tmut/Erth      ###.....     75%         4    #####..


Dungeon Overview and Level Annotations

Branches:
Dungeon (4/15)
 Temple: D:4-7

Altars:
Dithmenos


Innate Abilities, Weirdness & Mutations

You are resistant to damage.
You can heal yourself by infusing magical energy.
You passively map a small area around you.
You do not regenerate.
You have a somewhat thin skeletal structure. (Dex +2, Stealth)
You occasionally shout uncontrollably at your foes.
Your spells are a little harder to cast, but a little more powerful.
You evolve.
You expend magic power (3 MP) to strengthen your wands.


Message History

You open the door.
There is an open door here.
You are feeling very hungry.
You open the door.
There is an open door here.
You now have 110 gold pieces (gained 14).
Found a stone staircase leading down.
d - 5 rations (gained 1)
There is a stone staircase leading down here.
There is an open door here.
You open the door.
There is an open door here.
Done exploring.
Done exploring.
Done exploring.
Done exploring.
Done exploring.
You feel a genetic drift.
You feel your magical essence link to your wands.
There is a stone staircase leading down here.
Okay, then.
Save game and exit? [Y]es or [N]o only, please.
Save game and exit? [Y]es or [N]o only, please.
Save game and exit?
Okay, then.
Okay, then.
Press | or perform an action to restore all view layers.
Restoring view layers.
You climb downwards.
There is a stone staircase leading up here.
An orc comes into view.
An orc priest comes into view. It is wielding a trident.
The orc priest shouts!
You hear a shout!
Found a leather armour.
The orc priest hits you from afar with a trident.
The orc shouts!
You block the orc priest's attack.
You hit the orc priest but do no damage.
You drain the orc priest!
The orc priest is moderately wounded.
You are near starving!
You puncture the orc priest!
The orc priest is severely wounded.
You block the orc priest's attack.
The orc priest calls upon Beogh to heal the orc priest.
The orc priest is healed somewhat.
You closely miss the orc priest.
The orc priest is moderately wounded.
The orc priest hits you with a trident.
You barely miss the orc priest.
The orc priest is moderately wounded.
The orc priest calls down the wrath of Beogh upon you.
Beogh smites you!
* * * LOW HITPOINT WARNING * * *
The orc priest hits you but does no damage.
You are too injured to fight recklessly!
You are too injured to fight recklessly!
You hit the orc priest.
The orc priest is heavily wounded.
The orc priest mumbles some strange prayers to Beogh against you.
Beogh smites you!
You die... , * , . , * .## ,* , ... *,* ..# #.# *, #.# * ##.##*,* ##.##* ##...## ooo

..o.( , #o#* ...
,#.###@#### , * #.#
#[.......#*
#W###.###.#####.##.# #
#..W.ยง....#####.# .#
.##
#####.#####.....##.#...#
#.......<........#* , *
#.#.##########..##
*.....# #......# #..##)#
....###..#


You could see 2 orc priests and 2 orcs.

Vanquished Creatures
  Duvessa (D:3)
  A crimson imp (D:3)
  An adder (D:3)
  An ooze (D:3)
  2 leopard geckos
  3 giant cockroaches
  5 goblins
  4 hobgoblins
  2 jackals (D:3)
  2 kobolds
  5 bats
  3 frilled lizards
  4 rats
34 creatures vanquished.

Vanquished Creatures (others)
  4 toadstools (D:1)
4 creatures vanquished.

Grand Total: 38 creatures vanquished

Notes
Turn   | Place    | Note
-------+----------+-------------------------------------------
     0 | D:1      | Amnesiac the Deep Dwarf Earth Elementalist began the quest
                  | for the Orb.
     0 | D:1      | Reached XP level 1. HP: 15/15 MP: 3/3
   210 | D:2      | Reached XP level 2. HP: 14/22 MP: 5/5
   214 | D:2      | Learned a level 2 spell: Passwall
   523 | D:3      | Reached skill level 1 in Transmutations
   523 | D:3      | Reached skill level 5 in Earth Magic
   523 | D:3      | Reached XP level 3. HP: 19/28 MP: 4/6
   919 | D:3      | Noticed Grinder
   922 | D:3      | Gained mutation: You evolve. [potion of mutation]
   922 | D:3      | Gained mutation: You have a somewhat thin skeletal
                  | structure. (Dex +2, Stealth) [potion of mutation]
   922 | D:3      | Gained mutation: You occasionally shout uncontrollably at
                  | your foes. [potion of mutation]
   922 | D:3      | Gained mutation: Your spells are a little harder to cast,
                  | but a little more powerful. [potion of mutation]
  1023 | D:4      | Noticed a phantom
  1025 | D:4      | Found a shadowy altar of Dithmenos.
  1070 | D:4      | Noticed Duvessa
  1071 | D:4      | Noticed Dowan
  1121 | D:3      | Noticed Dowan
  1121 | D:3      | Dowan changed into Dowan the bat
  1123 | D:3      | Killed Duvessa
  1123 | D:3      | Reached skill level 1 in Short Blades
  1123 | D:3      | Reached skill level 6 in Earth Magic
  1123 | D:3      | Reached XP level 4. HP: 28/36 MP: 6/8
  1123 | D:3      | Reached XP level 5. HP: 32/42 MP: 6/9
  1126 | D:3      | Killed Dowan the bat
  1254 | D:3      | Noticed Grinder
  1254 | D:3      | Grinder changed into Grinder the crimson imp
  1314 | D:3      | Killed Grinder the crimson imp
  1503 | D:3      | Gained mutation: You expend magic power (3 MP) to
                  | strengthen your wands. [evolution]
  1541 | D:4      | Killed from afar by an orc priest

Vault maps used:
D:1:      ldierk_walled_garden_2
D:3:      uniq_grinder
D:4:      nicolae_overflow_crystal_walls, kennysheep_little_box, first_ration,
          minmay_bent, uniq_crazy_yiuf_cottage, uniq_robin, uniq_sigmund,
          uniq_duvessa

Skill      XL: |  1  2  3 |
---------------+----------+-----
Spellcasting   | 2 |  2.8
Transmutations | 1 |  1.0
Earth Magic    | 5 6 |  6.5
Short Blades   | 1 |  1.8
Dodging        | |  2.1
Stealth        | |  2.4

Action                   |  1- 3 |  4- 6 || total
-------------------------+-------+-------++-------
Melee: Dagger            |   162 |    45 ||   207
       Unarmed           |    10 |       ||    10
 Cast: Sandblast         |     7 |     3 ||    10
       Passwall          |     1 |       ||     1
Evoke: Wand              |       |     1 ||     1
  Use: Scroll            |     5 |       ||     5
       Potion            |     6 |       ||     6
 Stab: Sleeping          |     4 |       ||     4
  Eat: Chunk             |     1 |       ||     1
Armor: Robe              |    16 |       ||    16
       Ring mail         |    15 |    15 ||    30
       Skin              |     2 |       ||     2
Dodge: Dodged            |   104 |    17 ||   121
Block: Other             |    18 |     3 ||    21

Table legend:
 A = Non-vault XP
 B = Vault XP
 C = Vault XP percentage of total XP
 D = Non-vault monster count
 E = Vault monster count
 F = Vault count percentage of total count
                 A         B        C        D         E       F
            +---------+---------+-------+---------+---------+-------
      Total |      67 |     200 |  74.9 |      29 |       5 |  14.7
            +---------+---------+-------+---------+---------+-------
        D:1 |      10 |       0 |   0.0 |       8 |       0 |   0.0
        D:2 |      12 |       0 |   0.0 |       6 |       0 |   0.0
        D:3 |      45 |     198 |  81.5 |      15 |       4 |  21.1
        D:4 |       0 |       2 | 100.0 |       0 |       1 | 100.0
            +---------+---------+-------+---------+---------+-------
